 Dungeon Crawl Stone Soup version 0.29-a0-813-g4a14ea37d6 (webtiles) character file.

Game seed: 11157768423979753921

2561 kevlar127 the Grappler (level 9, -5/139 HPs)
             Began as a Troll Berserker on July 5, 2022.
             Was an Elder of Trog.
             Slain by a killer bee (6 damage)
             ... on level 7 of the Dungeon.
             The game lasted 00:12:40 (6707 turns).

kevlar127 the Grappler (Troll Berserker)            Turns: 6707, Time: 00:12:43

Health: -5/139     AC:  5    Str: 31    XL:     9   Next: 31%
Magic:  8/8        EV: 10    Int:  3    God:    Trog [****..]
Gold:   59         SH:  0    Dex:  9    Spells: 8/8 levels left

rFire   . . .      SeeInvis .     - Unarmed
rCold   . . .      Faith    .   (no shield)
rNeg    . . .      Spirit   .   a - +0 animal skin
rPois   +          Reflect  .   (helmet restricted)
rElec   .          Harm     .   o - +0 cloak
rCorr   .          Rampage  .   (gloves unavailable)
Will    +....                   (boots unavailable)
Stlth   ..........              d - amulet of regeneration
HPRegen 1.93/turn               b - ring of willpower
MPRegen 0.11/turn               r - ring of poison resistance

@: berserking, lethally poisoned (-5 -> -5), very quick
A: large, unfitting armour, claws 3, regeneration 1, shaggy fur 1, tough skin 1
a: Renounce Religion, Berserk, Trog's Hand, Brothers in Arms


You were on level 7 of the Dungeon.
You worshipped Trog.
Trog was greatly pleased with you.
You visited 1 branch of the dungeon, and saw 8 of its levels.

You collected 379 gold pieces.
You spent 320 gold pieces at shops.

Inventory:

Missiles
 j - 41 stones (quivered)
 u - 8 boomerangs
 A - 5 atropa-tipped darts
 I - 3 throwing nets
 L - 12 poisoned darts
Armour
 a - a +0 animal skin (worn)
 o - a +0 cloak (worn)
Jewellery
 b - a ring of willpower (left claw)
 d - an amulet of regeneration (around neck)
 l - a +4 ring of evasion
 r - a ring of poison resistance (right claw)
 D - a ring of willpower
Wands
 B - a wand of paralysis (9)
 C - a wand of polymorph (6)
 M - a wand of flame (45)
Scrolls
 e - 3 scrolls of fear {unknown}
 h - 10 scrolls of identify {unknown}
 k - 2 scrolls of enchant weapon {unknown}
 q - a scroll of silence {unknown}
 s - a scroll of vulnerability {unknown}
 v - a scroll of immolation {unknown}
 w - 2 scrolls of enchant armour {unknown}
 y - 2 scrolls of blinking {unknown}
 E - 5 scrolls of teleportation {unknown}
 K - a scroll of torment {unknown}
 O - a scroll of poison {unknown}
 P - a scroll of amnesia {unknown}
Potions
 c - 8 potions of heal wounds
 f - 5 potions of curing
 g - a potion of experience {unknown}
 i - 4 potions of flight
 m - a potion of attraction {unknown}
 n - 3 potions of berserk rage {unknown}
 p - a potion of invisibility {unknown}
 t - 2 potions of brilliance {unknown}
 x - a potion of lignification {unknown}
 z - 2 potions of haste
 F - a potion of cancellation {unknown}
 G - a potion of magic {unknown}
 H - a potion of degeneration
 J - a potion of mutation {unknown}
 N - 2 potions of resistance


   Skills:
 * Level 7.5 Fighting
 + Level 3.2 Throwing
 - Level 3.0 Dodging
 * Level 9.0 Unarmed Combat


You had 8 spell levels left.
You didn't know any spells.
Your spell library was empty.

Dungeon Overview and Level Annotations

Branches:
Dungeon (8/15)             Temple (0/1) D:5
   Lair: D:8-11

Altars:
Ashenzari
Cheibriados
Gozag
Kikubaaqudgha
Makhleb
Nemelex Xobeh
Qazlal
Sif Muna
Trog
Uskayaw
The Shining One

Shops:
D:1 (!?**   D:4 [   D:7 (


Innate Abilities, Weirdness & Mutations

You are too large for most types of armour.
You have claws for hands.
Your natural rate of healing is unusually fast.
You are covered in fur. (AC +1)
You have tough skin. (AC +1)


Message History

* * * LOW HITPOINT WARNING * * *
The killer bee barely misses you.
You closely miss the killer bee. The killer bee closely misses you. x2
The killer bee stings you but does no damage.
You completely miss the killer bee. The killer bee stings you!
* * * LOW HITPOINT WARNING * * *
The killer bee completely misses you. The killer bee stings you.
* * * LOW HITPOINT WARNING * * *
Unknown command.
You closely miss the killer bee. The killer bee misses you.
The killer bee barely misses you. x2
You claw the killer bee!
The killer bee is heavily wounded.
The killer bee stings you but does no damage.
The killer bee stings you.
* * * LOW HITPOINT WARNING * * *
The killer bee barely misses you.
You are too berserk!
You claw the killer bee!
The killer bee is heavily wounded.
The killer bee stings you.
* * * LOW HITPOINT WARNING * * *
You are poisoned.
The killer bee poisons you! The killer bee barely misses you.
The killer bee stings you but does no damage.
The killer bee closely misses you. The killer bee barely misses you.
The killer bee stings you.
* * * LOW HITPOINT WARNING * * *
You closely miss the killer bee.
The killer bee is heavily wounded.
You feel sick. The killer bee barely misses you.
The killer bee stings you but does no damage.
The killer bee barely misses you.
You closely miss the killer bee.
The killer bee is heavily wounded.
You feel sick. The killer bee stings you!
* * * LOW HITPOINT WARNING * * *
The killer bee stings you but does no damage.
The killer bee stings you.
You die...

### #######.###.####
########.#####.###.# #.# #
#..................###.# #
#.######............##.# #
#.# #.####..####.##.# # #.#
###.####..# #.##.# #.#
#.....##..# #.##.#
#.####...y.##..# ##.##.#
#.##......@....###.#.#.#
#.##.#...yy##)##..###..#
#.##.#.....##)##.#.#.#.####
#.##.###.####)##.##........
#.##........)[.........####
#.######.####.##.##..### #
#.............##.##..# #
########.####..#.##..# #
#.# ##.#...#..# ##


You could see 3 killer bees.

Vanquished Creatures
  Grinder (D:4)
  Menkaure (D:7)
  A water moccasin (D:6)
  3 ice beasts
  4 ogres
  A centaur (D:7)
  2 phantoms
  4 bullfrogs
  A scorpion (D:4)
  4 killer bees (D:7)
  2 orc priests
  2 gnoll boudas
  7 hounds
  2 iguanas (D:6)
  Ijyb (D:4)
  2 orc wizards (D:7)
  14 gnolls
  10 adders
  An ufetubus (D:5)
  2 dart slugs
  2 worms
  13 orcs
  7 bats
  12 endoplasms
  3 giant cockroaches
  11 goblins
  9 hobgoblins
  3 jackals (D:1)
  8 quokkas
  7 ball pythons
  3 frilled lizards (D:3)
  10 kobolds
  4 rats
157 creatures vanquished.

Notes
Turn   | Place    | Note
-------+----------+-------------------------------------------
     0 | D:1      | kevlar127 the Troll Berserker began the quest for the Orb.
     0 | D:1      | Reached XP level 1. HP: 22/22 MP: 0/0
   128 | D:1      | Reached XP level 2. HP: 29/29 MP: 1/1
   149 | D:1      | Found Zuniuh's Magic Scroll Emporium.
   188 | D:1      | Found Qesad's Assorted Antiques.
   228 | D:1      | Found Munagoi's Distillery.
   369 | D:1      | Found Ohyhadd's General Store.
   477 | D:1      | Reached XP level 3. HP: 32/36 MP: 2/2
   525 | D:1      | Reached ** piety under Trog
   620 | D:1      | Found Losmenump's Weapon Emporium.
  1064 | D:2      | Reached XP level 4. HP: 41/45 MP: 3/3
  1204 | D:2      | Reached skill level 4 in Unarmed Combat
  1418 | D:2      | Found a faded altar of an unknown god.
  1730 | D:3      | Found an ancient bone altar of Kikubaaqudgha.
  1878 | D:3      | Found a bloodstained altar of Trog.
  1898 | D:3      | Found a burning altar of Makhleb.
  1968 | D:3      | Reached *** piety under Trog
  2082 | D:3      | Found a stormy altar of Qazlal.
  2160 | D:3      | Reached XP level 5. HP: 52/53 MP: 4/4
  2430 | D:4      | Found Yshis's Antique Armour Boutique.
  2444 | D:4      | Noticed Grinder
  2454 | D:4      | Paralysed by Grinder for 5 turns
  2462 | D:4      | Killed Grinder
  2463 | D:4      | Reached skill level 5 in Unarmed Combat
  2463 | D:4      | Reached XP level 6. HP: 43/63 MP: 5/5
  2632 | D:4      | Noticed Ijyb
  2639 | D:4      | Killed Ijyb
  2663 | D:4      | Reached XP level 7. HP: 71/71 MP: 6/6
  2690 | D:4      | Found an opulent altar of Gozag.
  2724 | D:4      | Reached skill level 6 in Unarmed Combat
  2753 | D:4      | Reached skill level 5 in Fighting
  2753 | D:4      | Found a broken altar of Ashenzari.
  2915 | D:4      | Found a snail-covered altar of Cheibriados.
  3083 | D:5      | Entered Level 5 of the Dungeon
  3089 | D:5      | Reached **** piety under Trog
  3270 | D:5      | Found a staircase to the Ecumenical Temple.
  3742 | D:5      | Reached skill level 7 in Unarmed Combat
  3807 | D:5      | Reached XP level 8. HP: 81/83 MP: 7/7
  4027 | D:6      | Found a hide-covered altar of Uskayaw.
  4156 | D:6      | Reached skill level 1 in Throwing
  4206 | D:6      | Found a sparkling altar of Nemelex Xobeh.
  4442 | D:6      | Reached skill level 8 in Unarmed Combat
  5004 | D:6      | Found a glowing golden altar of the Shining One.
  5143 | D:7      | Reached XP level 9. HP: 81/93 MP: 8/8
  5398 | D:7      | Found Rojepp's Antique Weapon Emporium.
  5711 | D:7      | Noticed Menkaure
  5718 | D:7      | Killed Menkaure
  5719 | D:7      | Reached skill level 9 in Unarmed Combat
  6216 | D:7      | Found a shimmering blue altar of Sif Muna.
  6511 | D:1      | Bought a potion of curing for 30 gold pieces
  6511 | D:1      | Bought a potion of degeneration for 10 gold pieces
  6511 | D:1      | Bought a potion of heal wounds for 50 gold pieces
  6511 | D:1      | Bought a potion of resistance for 100 gold pieces
  6511 | D:1      | Bought a potion of flight for 30 gold pieces
  6511 | D:1      | Bought a potion of haste for 100 gold pieces
  6707 | D:7      | HP: 1/139 [killer bee (7)]
  6707 | D:7      | Slain by a killer bee

Illustrated notes

Levels and vault maps discovered:
D:1:      heliophobic_arrival_glass_houses, layout_basic, serial_shops,
          nicolae_shop_crystal, shop, shop, nicolae_shop_bloodbath_and_beyond,
          shop
D:2:      layout_basic, shapermc_ecumenical_altar_petra
D:3:      layout_loops_corners, mainiacjoe_overflow_six_doors_small,
          mainiacjoe_overflow_paths, mainiacjoe_overflow_large_starburst,
          serial_bayou_pond_a, minmay_divided_ellipse
D:4:      layout_rooms, cheibrodos_ashenzari_chains,
          mainiacjoe_overflow_24_doors, general_overflow_altar, st_stairs_4,
          nicolae_take_the_stairs, hangedman_decor_opposing, uniq_grinder,
          uniq_ijyb
D:5:      layout_layer_cave, minmay_temple_entry_antechambers,
          chequers_serial_rivers_micro_a
D:6:      layout_layer_cave, mainiacjoe_overflow_chevrons,
          nemelex_dance_club_becter, mainiacjoe_overflow_alcove_1, hex_tiny,
          chequers_serial_rivers_micro_d
D:7:      layout_loops_ring, nicolae_sif_muna_little_library, serial_shops,
          shop, chequers_decorated_corner, uniq_menkaure
D:8:      layout_loops_corners, lemuel_tele_altar, gammafunk_ghost_icy,
          special_room [special_room_orc], hellmonk_guarded_unrand_zhor

Skill      XL: |  1  2  3  4  5  6  7  8  9 |
---------------+----------------------------+-----
Dodging        | 3 |  3.0
Fighting       | 3 4 5 7 |  7.5
Unarmed Combat | 4 5 7 8 9 |  9.0
Throwing       | 2 3 |  3.2

Action                   |  1- 3 |  4- 6 |  7- 9 || total
-------------------------+-------+-------+-------++-------
Melee: Unarmed           |    81 |   162 |   187 ||   430
       Punch             |     2 |     2 |     6 ||    10
Invok: Berserk           |       |     2 |     1 ||     3
       Trog's Hand       |       |     1 |     1 ||     2
 Stab: Sleeping          |     1 |       |     1 ||     2
Armor: Animal skin       |    27 |    37 |    61 ||   125
Dodge: Dodged            |    40 |    90 |   118 ||   248

Table legend: (Time is in decaauts)
 A = Elapsed time spent in this place.
 B = Non-inter-level travel time spent in this place.
 C = Inter-level travel time spent in this place.
 D = Time resting spent in this place.
 E = Time spent auto-exploring this place.
 F = Levels seen in this place.
 G = Mean time per level.
                   A        B        C        D        E       F      G
               +--------+--------+--------+--------+--------+-----+--------+
         Total |   6687 |   6161 |    526 |    621 |   4677 |   8 |  835.9 |
       Dungeon |   6687 |   6161 |    526 |    621 |   4677 |   8 |  835.9 |
               +--------+--------+--------+--------+--------+-----+--------+

Top non-repeatable levels by time:
     D:7: 1325 daAuts
     D:6: 1043 daAuts
     D:5: 985 daAuts
     D:3: 973 daAuts
     D:1: 862 daAuts
     D:2: 762 daAuts
     D:4: 729 daAuts
     D:8: 5 daAuts
